Map: Ley Lines

Players

WeAreLegion - Winner!

  • Race: Terran Terran
  • League: Silver
  • Spawn Location: 1:00

AkumuBeara

  • Race: Protoss Protoss
  • League: Silver
  • Spawn Location: 7:00

VOD

Have the link to the VOD?

Description

Time

  • Played on: Dec. 14, 2024, 12:05 a.m.
  • Length: 9:10
Show
View Real Time Build Order
Export as new Build Order

WeAreLegion Terran - Winner!

Build Orders: Reaper Expand 

Get SALT Encoding   

  12  0:00  SCV  
  13  0:12  SCV  
  14  0:17  Supply Depot  
  14  0:24  SCV  
  15  0:39  SCV  
  15  0:41  Barracks  
  16  0:45  Refinery  
  16  0:51  SCV  
  17  1:03  SCV  
  18  1:15  SCV  
  19  1:27  Orbital Command  
  19  1:29  Reaper  
  20  1:42  Command Center  
  20  1:53  Supply Depot, SCV  
  21  2:05  Factory  
  21  2:07  Marine  
  22  2:11  SCV  
  23  2:23  SCV  
  23  2:29  Barracks Reactor  
  24  2:35  SCV  
  25  2:47  SCV  
  26  2:54  Orbital Command  
  26  2:59  SCV  
  27  3:12  SCV  
  27  3:22  Hellion  
  27  3:23  Marine  
  27  3:24  Marine  
  30  3:30  Refinery  
  30  3:31  SCV  
  30  3:34  Starport  
  31  3:35  Orbital Command  
  31  3:41  Marine  
  32  3:49  Hellion  
  34  4:08  Marine x2  
  36  4:10  Hellion  
  38  4:18  Liberator  
  41  4:26  SCV  
  41  4:27  SCV  
  41  4:30  Marine x2  
  45  4:38  SCV  
  46  5:09  Orbital Command  
  46  5:28  Factory Tech Lab  
  46  5:30  Starport Tech Lab  
  46  5:35  Marine x2  
  46  5:36  SCV  
  46  5:38  Supply Depot x2  
  49  5:47  SCV  
  49  5:48  SCV  
  51  5:50  Siege Tank  
  51  5:55  Marine x2  
  54  5:59  SCV, Barracks  
  54  6:00  SCV, Barracks  
  56  6:11  SCV  
  56  6:12  SCV, Marine  
  56  6:13  Supply Depot  
  56  6:15  Supply Depot  
  59  6:23  SCV  
  59  6:24  SCV  
  61  6:32  Marine x2  
  62  6:33  Siege Tank  
  62  6:35  Viking  
  68  6:50  Marine  
  69  6:55  SCV, Marine  
  69  6:57  Barracks Tech Lab  
  69  6:58  Barracks Reactor  
  71  7:05  Siege Tank, Medivac  
  71  7:08  Marine  
  77  7:09  Supply Depot  
  77  7:10  SCV  
  77  7:11  Supply Depot  
  78  7:19  Marine  
  78  7:21  Marine  
  80  7:28  Refinery  
  80  7:30  Marine, Refinery  
  80  7:35  Medivac  
  83  7:37  Marine  
  83  7:38  Supply Depot, Siege Tank  
  83  7:39  Supply Depot, Marine  
  83  7:43  Barracks  
  88  7:47  Barracks  
  88  7:48  Marine  
  88  7:49  Marine x2  
  91  7:55  Marine  
  91  7:58  Marauder  
  92  8:06  Marine  
  92  8:07  Marine x2  
  92  8:10  Siege Tank  
  98  8:19  Marauder  
  100  8:25  Marine x3  
  100  8:26  Marine  
  104  8:29  Raven  
  104  8:40  Marauder  
Show
View Real Time Build Order
Export as new Build Order

AkumuBeara Protoss 

Build Orders:  

Get SALT Encoding   

  12  0:13  Pylon  
  12  0:37  Gateway  
  12  0:38  Gateway  
  12  0:52  Gateway  
  12  0:54  Probe  
  13  1:07  Pylon  
  13  1:08  Probe  
  14  1:39  Zealot x3  
  20  1:44  Probe  
  20  1:45  Pylon  
  21  2:01  Zealot x3  
  27  2:26  Zealot x3  
  29  3:09  Probe  
  29  3:21  Probe  
  30  3:33  Zealot, Probe  
  30  3:34  Zealot x2  
  37  3:45  Probe  
  38  4:17  Probe  
  39  4:24  Cybernetics Core  
  39  4:28  Assimilator  
  39  4:30  Assimilator  
  39  4:37  Pylon  
  39  4:55  Probe  
  36  5:08  Probe  
  36  5:09  Nexus  
  37  5:20  Probe  
  38  5:29  Pylon  
  38  5:32  Probe  
  37  5:59  Robotics Facility  
  37  6:07  Stalker  
  37  6:09  Warp Gate  
  35  6:45  Stalker  
  36  6:55  Probe  
  37  7:01  Probe  
  37  7:02  Stalker  
  37  7:08  Probe  
  41  7:13  Probe  
  42  7:20  Probe  
  43  7:26  Probe  
  44  7:30  Probe  
  44  7:35  Probe  
  45  7:39  Probe  
  45  7:43  Observer, Probe  
  48  7:47  Probe  
  50  7:52  Probe  
  51  7:58  Probe  
  51  8:04  Probe  
  53  8:08  Stalker x3  
  53  8:10  Probe  
  60  8:15  Immortal  
  60  8:16  Probe  
  53  8:44  Stalker x3  
Tags
 
Matchup
PvT
Replay Pack
December
Spawn Locations
Cross Positions
Add a new tag
Caveats
  • Supply blocks, unpowered buildings, or Contaminate may cause inaccurate times.
  • Supply counts are checked every 10 seconds.